 Dungeon Sprint DCSS version 0.28-a0-1429-gf3d713df7a (webtiles) character file.

Game seed: 17159391837387941715

218 tatocazan the Poker (level 5, -7/46 HPs)
             Began as a Demonspawn Gladiator on Jan 8, 2022.
             Was an Initiate of Makhleb.
             Mangled by a two-headed ogre (9 damage)
             ... in the Dungeon (Sprint IX: "|||||||||||||||||||||||||||||").
             The game lasted 00:01:26 (473 turns).

tatocazan the Poker (Demonspawn Gladiator)           Turns: 473, Time: 00:01:27

Health: -7/46      AC:  8    Str: 17    XL:     5   Next: 63%
Magic:  5/6        EV: 14    Int:  9    God:    Makhleb [......]
Gold:   0          SH:  4    Dex: 20    Spells: 4/4 levels left

rFire   . . .      SeeInvis .   m - +2 halberd (venom)
rCold   . . .      Faith    .   (shield currently unavailable)
rNeg    . . .      Spirit   .   p - +2 ring mail
rPois   .          Reflect  .   c - +0 helmet
rElec   .          Harm     .   (no cloak)
rCorr   .          Rampage  .   (no gloves)
Will    .....      NoTele   +   (no boots)
Stlth   +.........              (no amulet)
HPRegen 0.15/turn               q - +3 ring of dexterity
MPRegen 0.10/turn               r - +3 ring of dexterity

@: no status effects
A: condensation shield, weakness stinger 1
a: Renounce Religion


You were in the Dungeon.
You worshipped Makhleb.
Makhleb was noncommittal.
You visited 1 branch

Inventory:

Hand Weapons
 a - a +0 trident
 m - a +2 halberd of venom (weapon)
 n - a +4 quarterstaff of speed
Missiles
 d - 3 throwing nets (quivered)
Armour
 b - a +0 leather armour
 c - a +0 helmet (worn)
 o - a +0 helmet
 p - a +2 ring mail (worn)
Jewellery
 q - a +3 ring of dexterity (left hand)
 r - a +3 ring of dexterity (right hand)
Wands
 l - a wand of acid (10)
Scrolls
 j - 2 scrolls of blinking
 k - 2 scrolls of amnesia
Potions
 e - 4 potions of curing
 f - 3 potions of heal wounds
 g - a potion of haste
 h - 4 potions of magic
 i - a potion of invisibility


   Skills:
 + Level 6.0 Fighting
 * Level 6.1 Polearms
 + Level 5.4 Throwing
 + Level 5.8 Dodging
 + Level 2.0 Invocations


You had 4 spell levels left.
You didn't know any spells.
Your spell library was empty.

Dungeon Overview and Level Annotations

Branches:
Dungeon (1/1)

Altars:
Cheibriados
Dithmenos
Elyvilon
Fedhas
Gozag
Hepliaklqana
Kikubaaqudgha
Makhleb
Nemelex Xobeh
Okawaru
Qazlal
Ru
Sif Muna
Trog
Uskayaw
Vehumet
Wu Jian
Xom
Yredelemnul
Zin
The Shining One
Beogh
Jiyva
Lugonu


Innate Abilities, Weirdness & Mutations

A meltable shield of frost defends you. (SH +4)
You have a small tail.


Message History

The howler monkey hoots and howls with incredible vigour!
The killer bee stings you.
You are poisoned.
The killer bee poisons you!
You take 3 damage, and have 43/46 hp.
You miss the killer bee.
You feel very sick. You block the killer bee's attack.
The killer bee stings you!
You are more poisoned.
The killer bee poisons you!
You take 10 damage, and have 33/46 hp.
MASSIVE DAMAGE!!
You hit the killer bee.
The killer bee is poisoned.
You tail-slap the killer bee.
The killer bee is moderately wounded.
You feel very sick. The killer bee stings you! The killer bee stings you.
The howler monkey hoots and howls with incredible vigour!
You hear a shout!
You hear an angry hiss.
You take 13 damage, and have 20/46 hp.
MASSIVE DAMAGE!!
You feel better.
The killer bee stings you but does no damage.
The killer bee barely misses you.
You regained 6 hp, and now have 26/46 hp.
You puncture the killer bee!
You kill the killer bee!
Makhleb accepts your kill.
Your Fighting skill increases to level 6!
Your Polearms skill increases to level 6!
Your Invocations skill gained 2 levels and is now at level 2!
You slash the two-headed ogre!
The two-headed ogre is poisoned.
The two-headed ogre is moderately wounded.
The two-headed ogre closely misses you. x2
You barely miss the two-headed ogre.
The two-headed ogre is moderately wounded.
The howler monkey hoots and howls with incredible vigour!
The two-headed ogre hits you with a +0 giant spiked club!!
Ouch! That really hurt!
* * * LOW HITPOINT WARNING * * *
The two-headed ogre hits you with a +0 giant spiked club!
You die...

▓.▓
▓.▓
▓)▓
▓.▓
▓[▓
▓.▓
▓.▓
▓.▓
▓@▓
▓O▓
▓h▓
▓O▓
▓c▓
▓.▓
▓Z▓
▓.▓


You could see 2 two-headed ogres, a centaur, a howler monkey (catching breath)
and a bat zombie.

Vanquished Creatures
  A necrophage (D)
  A killer bee (D)
  A hound (D)
  2 iguanas (D)
  An adder zombie (D)
  2 ball pythons (D)
  2 endoplasms (D)
  A rat (D)
11 creatures vanquished.

Notes
Turn   | Place    | Note
-------+----------+-------------------------------------------
     0 | D        | tatocazan the Demonspawn Gladiator began the quest for the
                  | Orb.
     0 | D        | Reached XP level 1. HP: 16/16 MP: 1/1
   130 | D        | Noticed an iguana
   130 | D        | Noticed a hound
   130 | D        | Noticed a necrophage
   130 | D        | Noticed an iguana
   137 | D        | Killed an iguana
   138 | D        | Gained mutation: A meltable shield of frost defends you.
                  | (SH +4) [demonic ancestry]
   138 | D        | Reached XP level 2. HP: 21/24 MP: 2/2
   138 | D        | Reached XP level 3. HP: 25/29 MP: 3/3
   141 | D        | Killed a necrophage
   142 | D        | Reached skill level 5 in Fighting
   142 | D        | Reached skill level 5 in Polearms
   142 | D        | Reached skill level 5 in Dodging
   142 | D        | Reached XP level 4. HP: 35/39 MP: 4/4
   142 | D        | Gained mutation: You have a small tail. [demonic ancestry]
   142 | D        | Reached XP level 5. HP: 40/44 MP: 5/5
   145 | D        | Reached skill level 5 in Throwing
   382 | D        | Found a snail-covered altar of Cheibriados.
   382 | D        | Found a shadowy altar of Dithmenos.
   382 | D        | Found a blossoming altar of Fedhas.
   382 | D        | Found an opulent altar of Gozag.
   383 | D        | Found a hazy altar of Hepliaklqana.
   384 | D        | Found a viscous altar of Jiyva.
   385 | D        | Found an ancient bone altar of Kikubaaqudgha.
   386 | D        | Found a corrupted altar of Lugonu.
   387 | D        | Found a burning altar of Makhleb.
   388 | D        | Found a sparkling altar of Nemelex Xobeh.
   389 | D        | Found an iron altar of Okawaru.
   390 | D        | Found a stormy altar of Qazlal.
   391 | D        | Found a sacrificial altar of Ru.
   392 | D        | Found a shimmering blue altar of Sif Muna.
   393 | D        | Found a bloodstained altar of Trog.
   394 | D        | Found a hide-covered altar of Uskayaw.
   395 | D        | Found a radiant altar of Vehumet.
   396 | D        | Found an ornate altar of the Wu Jian Council.
   397 | D        | Found a shimmering altar of Xom.
   398 | D        | Found a basalt altar of Yredelemnul.
   419 | D        | Became a worshipper of Makhleb the Destroyer
   467 | D        | Noticed a two-headed ogre
   467 | D        | Noticed a two-headed ogre
   467 | D        | Noticed a centaur
   473 | D        | HP: 2/46 [two-headed ogre (25)]
   473 | D        | Mangled by a two-headed ogre

Illustrated notes

Levels and vault maps discovered:
D:        linesprint [early_d, line_temple, items_1, d_10, items_2, lair_1,
          lair_end, items_3, orc_1, orc_end, items_4, d_15, swamp_1, shoals_1,
          snake_1, spider_1, d_20, vaults_1, items_5, swamp_end, shoals_end,
          snake_end, spider_end, vaults_end, d_27, items_6, zot_1, zot_end,
          crypt_end, forest_end, elf_end, slime_end, tomb_end, abyss_end,
          pan_hell_end]

Skill      XL: |  1  2  3  4  5 |
---------------+----------------+-----
Throwing       | 3 4 5 |  5.4
Polearms       | 3 5 6 |  6.1
Dodging        | 3 5 |  5.8
Fighting       | 3 5 6 |  6.0
Invocations    | 2 |  2.0

Action                   |  1- 3 |  4- 6 || total
-------------------------+-------+-------++-------
Melee: Trident           |    19 |     6 ||    25
       Halberd           |       |     5 ||     5
       Tailslap          |       |     2 ||     2
  Use: Potion            |     1 |     1 ||     2
 Stab: Sleeping          |     1 |       ||     1
Armor: Leather armour    |     2 |       ||     2
       Ring mail         |       |     1 ||     1
Dodge: Dodged            |     8 |     5 ||    13
Block: Other             |       |     1 ||     1

Table legend: (Time is in decaauts)
 A = Elapsed time spent in this place.
 B = Non-inter-level travel time spent in this place.
 C = Inter-level travel time spent in this place.
 D = Time resting spent in this place.
 E = Time spent auto-exploring this place.
 F = Levels seen in this place.
 G = Mean time per level.
                   A        B        C        D        E       F      G
               +--------+--------+--------+--------+--------+-----+--------+
         Total |    482 |    482 |      0 |    240 |    120 |   1 |  482.0 |
       Dungeon |    482 |    482 |      0 |    240 |    120 |   1 |  482.0 |
               +--------+--------+--------+--------+--------+-----+--------+

Top non-repeatable levels by time:
       D: 482 daAuts
